 Dungeon Crawl Stone Soup version 0.30-a0-715-gdb4ae3ece1 (webtiles) character file.

Game seed: 5233212366139572011

13516 Fenrisus the Fighter (level 11, -8/107 HPs)
             Began as a Minotaur Fighter on Jan 24, 2023.
             Was a Follower of the Shining One.
             Mangled by a 13-headed hydra (9 damage)
             ... on level 2 of the Lair of Beasts.
             The game lasted 00:29:59 (9674 turns).

Fenrisus the Fighter (Minotaur Fighter)             Turns: 9674, Time: 00:30:00

Health: -8/107     AC: 19    Str: 26    XL:     11   Next: 76%
Magic:  10/10      EV:  6    Int:  5    God:    the Shining One [*.....]
Gold:   434        SH: 16    Dex:  9    Spells: 10/10 levels left

rFire   . . .      SeeInvis .    a - +3 war axe
rCold   . . .      Faith    .    u - +0 kite shield
rNeg    + . .      Spirit   .    r - +1 plate armour
rPois   .          Reflect  +    (helmet restricted)
rElec   .          Harm     .    h - scarf {+Inv}
rCorr   .          Rampage  .    A - +0 pair of gloves
Will    +....                    s - +0 pair of boots Stlth
                                 v - amulet of reflection
HPRegen 0.37/turn                q - ring of positive energy
MPRegen 0.12/turn                i - ring of willpower

@: glowing
A: horns 2, retaliatory headbutt
a: Renounce Religion, Evoke Invisibility, Divine Shield


You were on level 2 of the Lair of Beasts.
You worshipped the Shining One.
The Shining One was aware of your devotion.
You visited 3 branches of the dungeon, and saw 12 of its levels.

You collected 434 gold pieces.

Inventory:

Hand Weapons
 a - a +3 war axe (weapon)
Armour
 h - a scarf of invisibility (worn)
 r - a +1 plate armour (worn)
 s - a +0 pair of boots (worn)
 u - a +0 kite shield (worn)
 A - a +0 pair of gloves (worn)
 F - a +0 helmet of see invisible
Jewellery
 e - a +6 ring of intelligence
 i - a ring of willpower (right hand)
 k - a ring of resist corrosion
 q - a ring of positive energy (left hand)
 v - an amulet of reflection (around neck)
 y - an amulet of the acrobat
 D - a ring of willpower
Wands
 b - a wand of flame (4)
Scrolls
 d - a scroll of silence
 f - 3 scrolls of teleportation
 w - 2 scrolls of fog
 x - 3 scrolls of blinking
 C - a scroll of poison
 E - a scroll of amnesia {unknown}
Potions
 c - a potion of haste {unknown}
 g - a potion of ambrosia {unknown}
 j - 8 potions of curing
 l - a potion of cancellation {unknown}
 n - 2 potions of brilliance
 o - 2 potions of magic
 p - 2 potions of mutation {unknown}
 t - 2 potions of attraction
 z - a potion of lignification {unknown}


   Skills:
 + Level 13.4 Fighting
 + Level 13.2 Axes
 + Level 11.5 Armour
 + Level 11.5 Shields


You had 10 spell levels left.
You didn't know any spells.
Your spell library contained the following spells:

 Spells                   Type           Power      Damage    Failure   Level
 Magic Dart               Conj           0%         1d3       100%        1
 Shock                    Conj/Air       0%         1d3       100%        1
 Slow                     Hex            0%         N/A       100%        1
 Blink                    Tloc           0%         N/A       100%        2
 Lesser Beckoning         Tloc           0%         N/A       100%        2
 Momentum Strike          Conj/Tloc      0%         3d8       100%        2
 Searing Ray              Conj           0%         2d4       100%        2
 Confusing Touch          Hex            0%         N/A       100%        3
 Gell's Gravitas          Tloc           0%         N/A       100%        3
 Hailstorm                Conj/Ice       0%         3d3       100%        3
 Swiftness                Air            0%         N/A       100%        3
 Teleport Other           Tloc           0%         N/A       100%        3
 Vampiric Draining        Necr           0%         2d6       100%        3
 Airstrike                Air            0%         2d(0-16)  100%        4
 Fulminant Prism          Conj/Hex       0%         3d5       100%        4
 Ice Form                 Ice/Tmut       0%         N/A       100%        4
 Summon Ice Beast         Ice/Summ       0%         N/A       100%        4
 Alistair's Intoxication  Tmut/Pois      0%         N/A       100%        5
 Borgnjor's Vile Clutch   Necr/Erth      0%         N/A       100%        5
 Summon Mana Viper        Hex/Summ       0%         N/A       100%        5
 Dispersal                Tloc           0%         N/A       100%        6
 Eringya's Noxious Bog    Tmut/Pois      0%         N/A       100%        6
 Simulacrum               Ice/Necr       0%         N/A       100%        6
 Monstrous Menagerie      Summ           0%         N/A       100%        7


Dungeon Overview and Level Annotations

Branches:
Dungeon (9/15)             Temple (1/1) D:6            Lair (1/5) D:8
    Orc: D:9-12

Altars:
Ashenzari
Cheibriados
Dithmenos
Elyvilon
Fedhas
Gozag
Hepliaklqana
Kikubaaqudgha
Makhleb
Nemelex Xobeh
Okawaru
Qazlal
Ru
Sif Muna
Trog
Uskayaw
Vehumet
Wu Jian
Xom
Yredelemnul
Zin
The Shining One

Shops:
D:8 =


Innate Abilities, Weirdness & Mutations

You have a pair of horns on your head.
You reflexively headbutt those who attack you in melee.


Message History

The 13-headed hydra is heavily wounded.
The 13-headed hydra bites you.
* * * LOW HITPOINT WARNING * * *
You block the 13-headed hydra's attack. x2
The 13-headed hydra barely misses you. The 13-headed hydra bites you!
* * * LOW HITPOINT WARNING * * *
You block the 13-headed hydra's attack. x2; The 13-headed hydra bites you.
* * * LOW HITPOINT WARNING * * *
The 13-headed hydra barely misses you. You block the 13-headed hydra's attack.
The 13-headed hydra bites you but does no damage.
The 13-headed hydra barely misses you.
The 13-headed hydra bites you but does no damage.
You feel much better. The 13-headed hydra bites you!
* * * LOW HITPOINT WARNING * * *
You block the 13-headed hydra's attack. x2; The 13-headed hydra bites you.
* * * LOW HITPOINT WARNING * * *
The 13-headed hydra bites you!
* * * LOW HITPOINT WARNING * * *
The 13-headed hydra bites you!
* * * LOW HITPOINT WARNING * * *
The 13-headed hydra bites you but does no damage.
You block the 13-headed hydra's attack.
The 13-headed hydra bites you but does no damage. x2
The 13-headed hydra completely misses you.
The 13-headed hydra bites you.
* * * LOW HITPOINT WARNING * * *
The 13-headed hydra bites you but does no damage.
You feel better.
You block the 13-headed hydra's attack. x2
The 13-headed hydra bites you.
* * * LOW HITPOINT WARNING * * *
The 13-headed hydra bites you.
* * * LOW HITPOINT WARNING * * *
The 13-headed hydra bites you but does no damage.
You block the 13-headed hydra's attack.
The 13-headed hydra bites you but does no damage. x3
The 13-headed hydra bites you.
* * * LOW HITPOINT WARNING * * *
The 13-headed hydra bites you but does no damage.
The 13-headed hydra bites you!
You die...

.PPP.P.........P.
......b... ......
#.#..b.#.##.#....
.....b....bb.....
....#bbb.b..b....
....b..bbb....b..
#.....bb...##bb.P
##..bb.bbb#.Pb...
....b..b.@D.b....
.....bbP.#bb.#.##
......bb........#
...##b....P#.P##.
..............#
........#. #..
......# ## #..
...... ..


You could see a 13-headed hydra (ally target).

Vanquished Creatures
  A two-headed ogre (D:8)
  3 cane toads (Lair:1)
  2 polar bears
  Grinder (D:5)
  A hornet (D:8)
  A wyvern (D:8)
  A vampire (D:9)
  6 yaks
  2 water moccasins
  2 ice beasts
  3 orc warriors
  8 black bears
  2 sky beasts (D:7)
  2 ogres
  2 phantoms
  3 bullfrogs
  A kobold brigand (D:7)
  4 gnoll sergeants
  3 scorpions
  2 electric eels (Lair:1)
  7 howler monkeys (D:9)
  2 hounds
  2 jellies
  4 orc priests
  2 iguanas
  3 orc wizards
  17 gnolls
  5 adders
  A shadow imp (D:7)
  2 worms
  7 dart slugs
  24 orcs
  8 ball pythons
  5 bats
  8 endoplasms
  10 giant cockroaches
  11 goblins
  5 hobgoblins
  3 jackals (D:1)
  3 quokkas
  3 frilled lizards
  14 kobolds
  2 rats (D:2)
  A butterfly (Lair:2)
199 creatures vanquished.

Vanquished Creatures (others)
  11 fungi
  5 plants
  3 withered plants (D:8)
19 creatures vanquished.

Grand Total: 218 creatures vanquished

Notes
Turn   | Place    | Note
-------+----------+-------------------------------------------
     0 | D:1      | Fenrisus the Minotaur Fighter began the quest for the Orb.
     0 | D:1      | Reached XP level 1. HP: 19/19 MP: 0/0
    79 | D:1      | Reached XP level 2. HP: 24/27 MP: 1/1
   331 | D:1      | Reached XP level 3. HP: 30/33 MP: 2/2
   777 | D:2      | Reached XP level 4. HP: 38/40 MP: 3/3
  1242 | D:3      | Noticed an ogre
  1249 | D:3      | Killed an ogre
  1250 | D:3      | Reached XP level 5. HP: 30/47 MP: 4/4
  1451 | D:3      | Noticed a black bear
  1462 | D:3      | Killed a black bear
  1463 | D:3      | Reached skill level 5 in Fighting
  1463 | D:3      | Reached skill level 5 in Armour
  1463 | D:3      | Reached skill level 5 in Shields
  1463 | D:3      | Reached XP level 6. HP: 22/56 MP: 5/5
  1686 | D:3      | Found an iron altar of Okawaru.
  2277 | D:4      | Found a shimmering altar of Xom.
  2399 | D:4      | Found a shimmering altar of Xom.
  2402 | D:4      | Found a shimmering altar of Xom.
  3091 | D:5      | Entered Level 5 of the Dungeon
  3586 | D:5      | Found a broken altar of Ashenzari.
  3733 | D:5      | Reached skill level 5 in Axes
  3733 | D:5      | Reached XP level 7. HP: 57/62 MP: 6/6
  3800 | D:5      | Noticed Grinder
  3823 | D:5      | Killed Grinder
  4034 | D:5      | Found a stormy altar of Qazlal.
  4042 | D:5      | Found a blossoming altar of Fedhas.
  4269 | D:6      | Reached XP level 8. HP: 71/71 MP: 7/7
  5192 | D:6      | Found a staircase to the Ecumenical Temple.
  5201 | Temple   | Entered the Ecumenical Temple
  5617 | Temple   | Became a worshipper of the Shining One
  6673 | D:7      | Reached XP level 9. HP: 57/81 MP: 8/8
  6872 | D:7      | Reached skill level 10 in Fighting
  6872 | D:7      | Reached skill level 10 in Axes
  6872 | D:7      | Reached skill level 10 in Armour
  6872 | D:7      | Reached skill level 10 in Shields
  6872 | D:7      | Reached XP level 10. HP: 87/94 MP: 9/9
  6873 | D:7      | Reached XP level 11. HP: 98/105 MP: 10/10
  7345 | D:8      | Noticed a two-headed ogre
  7357 | D:8      | Killed a two-headed ogre
  7567 | D:8      | Found a staircase to the Lair.
  7716 | D:8      | Found an ornate altar of the Wu Jian Council.
  7810 | D:8      | Found a basalt altar of Yredelemnul.
  8065 | D:8      | Found Jayseog's Jewellery Boutique.
  8437 | D:9      | Found a hazy altar of Hepliaklqana.
  8438 | D:9      | Found a shadowy altar of Dithmenos.
  8590 | D:9      | Noticed a green ugly thing
  8590 | D:9      | Noticed a centaur warrior
  8593 | D:9      | Reached * piety under the Shining One
  8593 | D:9      | Noticed a boulder beetle
  8594 | D:9      | Noticed a six-headed hydra
  8608 | D:9      | Noticed a wizard
  8610 | D:9      | Noticed a boulder beetle
  8611 | D:9      | Noticed a deep elf pyromancer
  8611 | D:9      | Noticed a five-headed hydra
  8711 | Lair:1   | Entered Level 1 of the Lair of Beasts
  9656 | Lair:1   | You fall into a shaft and drop 1 floor!
  9656 | Lair:2   | Noticed an eight-headed hydra
  9673 | Lair:2   | HP: 3/107 [13-headed hydra (4)]
  9674 | Lair:2   | HP: 1/107 [13-headed hydra (1)]
  9674 | Lair:2   | Mangled by a 13-headed hydra

Illustrated notes

Levels and vault maps discovered:
D:1:      dpeg_arrival_rhombus, layout_rooms
D:2:      layout_rooms
D:3:      layout_basic, mainiacjoe_overflow_tiny_flanked, minmay_pentomino_pile
D:4:      layout_loops_corners, xom_redecorated
D:5:      layout_rooms, grunt_temple_overflow_forces_of_nature,
          nicolae_ashenzari_skybound, uniq_grinder
D:6:      layout_rooms, minmay_temple_entry_grid, serial_rivers,
          chequers_serial_rivers_small_a, chequers_serial_rivers_large_b,
          chequers_serial_rivers_room_b, chequers_serial_rivers_room_a
D:7:      layout_basic, serial_aquarium, aquarium_bridge_long_joined
          [aquarium_subvault_wall, aquarium_subvault_window,
          aquarium_subvault_bridge, aquarium_subvault_bridge,
          aquarium_subvault_bridge, aquarium_subvault_bridge],
          aquarium_window_corridor_2, aquarium_window_2, aquarium_window_1,
          aquarium_window_2, aquarium_view_2a, aquarium_pool_side
D:8:      layout_loops_ring, nicolae_wu_jian_wuxing_cycle,
          yredelemnul_altar_generic, grunt_lair_entry_orc_guard_hut,
          serial_shops, shop
D:9:      layout_roguey, riverfiend_overflow_shadow_ancestor, minivault_12
Temple:   oiseaux_autumnal_temple
Lair:1:   beast_lair_carwin_large_2, layout_gridlike
Lair:2:   layout_long_grid, minmay_swamp_entry_worms,
          guppyfry_snake_entry_island, serial_bayou_shore_b, grunt_megastairs_2,
          lemuel_fruit_tree, serial_bayou_shore_a, lemuel_fruit_fields,
          uniq_harold

Skill      XL: |  1  2  3  4  5  6  7  8  9 10 11 |
---------------+----------------------------------+-----
Shields        | 4 5 6 8 10 11 | 11.5
Fighting       | 4 5 6 8 10 12 13 | 13.4
Armour         | 4 5 6 8 10 11 | 11.5
Axes           | 3 4 5 7 10 12 13 | 13.2

Action                     |  1- 3 |  4- 6 |  7- 9 | 10-12 || total
---------------------------+-------+-------+-------+-------++-------
  Melee: War axe           |    65 |   114 |   155 |   145 ||   479
         Headbutt          |     8 |    11 |    39 |    44 ||   102
  Evoke: Wand              |       |       |     5 |       ||     5
    Use: Scroll            |       |     8 |     8 |     5 ||    21
         Potion            |       |     1 |     4 |     5 ||    10
 Armour: Scale mail        |    33 |    18 |       |       ||    51
         Plate armour      |       |    54 |    94 |    81 ||   229
  Dodge: Dodged            |    36 |    46 |    41 |    26 ||   149
  Block: Buckler           |    11 |    19 |    12 |       ||    42
         Kite shield       |       |       |    47 |   119 ||   166

Table legend: (Time is in decaauts)
 A = Elapsed time spent in this place.
 B = Non-inter-level travel time spent in this place.
 C = Inter-level travel time spent in this place.
 D = Time resting spent in this place.
 E = Time spent auto-exploring this place.
 F = Levels seen in this place.
 G = Mean time per level.
                   A        B        C        D        E       F      G
               +--------+--------+--------+--------+--------+-----+--------+
         Total |   9851 |   6088 |   3763 |   2233 |   2509 |  12 |  820.9 |
       Dungeon |   8581 |   5505 |   3076 |   2042 |   2277 |   9 |  953.4 |
        Temple |    441 |    245 |    196 |      0 |    231 |   1 |  441.0 |
          Lair |    828 |    338 |    490 |    191 |      0 |   2 |  414.0 |
               +--------+--------+--------+--------+--------+-----+--------+

Top non-repeatable levels by time:
     D:5: 1360 daAuts
     D:6: 1325 daAuts
     D:8: 1196 daAuts
     D:7: 1192 daAuts
     D:3: 1182 daAuts
     D:4: 868 daAuts
  Lair:1: 810 daAuts
     D:1: 593 daAuts
     D:2: 502 daAuts
  Temple: 441 daAuts
     D:9: 360 daAuts
  Lair:2: 17 daAuts
